 Dungeon Crawl Stone Soup version 0.30.1-9-gdf580d7c3d (webtiles) character file.

Game seed: 10531408069453773508

74 martinvanburen the Conjurer (level 3, -1/27 HPs)
             Began as a Demigod Conjurer on Oct 14, 2023.
             Slain by Robin
             ... wielding a +0 mace
              (2 damage)
             ... on level 2 of the Dungeon.
             The game lasted 00:05:24 (1952 turns).

martinvanburen the Conjurer (Demigod Conjurer)      Turns: 1952, Time: 00:05:25

Health: -1/27      AC:  4    Str:  7    XL:     3   Next: 85%
Magic:  8/8        EV: 12    Int: 21    God:
Gold:   53         SH:  0    Dex: 16    Spells: 4/5 levels left

rFire   . . .        d - +0 whip
rCold   . . .        (no shield)
rNeg    . . .        e - +0 leather armour
rPois   .            (no helmet)
rElec   .            (no cloak)
rCorr   .            k - +0 pair of gloves
SInv    .            (no boots)
Will    .....        (no amulet)
Stlth   ++           (no ring)
HPRegen 0.24/turn    (no ring)
MPRegen 0.11/turn

%: no passive effects
@: no status effects
A: high MP 1, forlorn, divine attributes, agile 1, dopey 1
a: no special abilities


You were on level 2 of the Dungeon.
You visited 1 branch of the dungeon, and saw 2 of its levels.

You collected 53 gold pieces.

Inventory:

Hand Weapons
 d - a +0 whip (weapon)
Armour
 a - a +0 robe
 e - a +0 leather armour (worn)
 k - a +0 pair of gloves (worn)
Scrolls
 i - a scroll of torment
Potions
 b - a potion of magic


   Skills:
 + Level 0.4 Fighting
 + Level 0.9 Maces & Flails
 + Level 1.1 Armour
 + Level 2.2 Dodging
 + Level 2.1 Stealth
 + Level 1.9 Spellcasting
 + Level 4.2 Conjurations


You had 4 spell levels left.
You knew the following spells:

 Your Spells              Type           Power      Damage    Failure   Level
a - Magic Dart            Conj           76%        1d6       3%          1

Your spell library contained the following spells:

 Spells                   Type           Power      Damage    Failure   Level
 Searing Ray              Conj           38%        2d5       6%          2
 Dazzling Flash           Conj/Hex       20%        N/A       26%         3
 Fulminant Prism          Conj/Hex       5%         3d7       65%         4
 Iskenderun's Mystic Bla  Conj/Tloc      10%        2d4       65%         4


Dungeon Overview and Level Annotations

Branches:
Dungeon (2/15)

Annotations:
D:2 Robin


Innate Abilities, Weirdness & Mutations

You have an increased reservoir of magic. (+10% MP)
You shall have no god before yourself.
Your divine heritage dramatically boosts your attributes as you level up.
You are agile. (Dex +4, Str/Int -1)
You are dopey. (Int -2)


Message History

Robin attacks as you move away! Robin closely misses you.
Robin attacks as you move away! Robin barely misses you.
Robin attacks as you move away! Robin barely misses you.
A ball python comes into view.
Robin attacks as you move away! Robin misses you.
The ball python hisses angrily.
Robin roars a battlecry!
A quokka comes into view.
Robin says, "My goblins will feast on your bones."
The quokka completely misses you. The quokka misses you.
Robin attacks as you move away! Robin hits you with a +0 mace.
* * * LOW HITPOINT WARNING * * *
Found 11 gold pieces.
The quokka barely misses you. Robin attacks as you move away!
Robin hits you but does no damage.
Robin points. "Kill!"
The quokka closely misses you. Robin attacks as you move away!
Robin hits you but does no damage. The quokka attacks as you move away!
The quokka bites you.
* * * LOW HITPOINT WARNING * * *
Robin attacks as you move away! Robin closely misses you.
The ball python attacks as you move away!
The ball python bites you but does no damage.
The quokka barely misses you. The quokka attacks as you move away!
The quokka bites you.
* * * LOW HITPOINT WARNING * * *
Robin attacks as you move away! Robin closely misses you.
Robin attacks as you move away! Robin misses you.
Robin roars a battlecry!
The goblin goes into a battle-frenzy!
The adder hisses angrily.
You closely miss the adder. The adder bites you but does no damage.
Robin hits you with a +0 mace.
* * * LOW HITPOINT WARNING * * *
You hit the adder but do no damage.
A quokka comes into view.
The adder bites you but does no damage. The adder misses you.
Robin hits you with a +0 mace.
* * * LOW HITPOINT WARNING * * *
You barely miss the adder. The adder misses you. Robin hits you with a +0 mace.
You die... .. ###.###.# ####..r.. .... #@S.....# ggg

#g###.#.# gw
#r# #< #S#
.##.##g#### #g#
......glg)g
#### #l#$#
###.##S#### ...
#.#.# #. #
####.##.#.# #.
#
........#.#####
#. #


You could see Robin, an adder, 2 quokkas, a goblin (strong), a ball python and a
frilled lizard.

Vanquished Creatures
  2 adders (D:2)
  A dart slug (D:1)
  5 ball pythons
  2 endoplasms
  A giant cockroach (D:2)
  10 goblins
  7 hobgoblins
  A jackal (D:2)
  5 kobolds
  2 quokkas
  4 bats
  3 frilled lizards (D:1)
  7 rats
50 creatures vanquished.

Notes
Turn   | Place    | Note
-------+----------+-------------------------------------------
     0 | D:1      | martinvanburen the Demigod Conjurer began the quest for the
                  | Orb.
     0 | D:1      | Reached XP level 1. HP: 14/14 MP: 5/5
   361 | D:1      | Reached skill level 4 in Conjurations
   365 | D:1      | Reached XP level 2. HP: 19/20 MP: 2/7
  1077 | D:1      | Reached XP level 3. HP: 19/26 MP: 8/8
  1712 | D:2      | Reached skill level 1 in Armour
  1839 | D:2      | Noticed Robin
  1895 | D:2      | Gained mutation: You are dopey. (Int -2) [potion of
                  | mutation]
  1895 | D:2      | Gained mutation: You are agile. (Dex +4, Str/Int -1)
                  | [potion of mutation]
  1951 | D:2      | HP: 1/27 [Robin/+0 mace (4)]
  1952 | D:2      | Slain by Robin

Illustrated notes

Levels and vault maps discovered:
D:1:      tarquinn_simple_flora_water_b, layout_basic
D:2:      layout_loops_ring, minmay_indecisive_spiral, uniq_robin

Skill      XL: |  1  2  3 |
---------------+----------+-----
Conjurations   | 4 |  4.2
Dodging        | 2 |  2.2
Stealth        | 2 |  2.1
Armour         | 1 |  1.1
Fighting       | |  0.4
Maces & Flails | |  0.9
Spellcasting   | |  1.9

Action                     || total
---------------------------++-------
  Melee: Whip              ||   111
         Unarmed           ||     7
         Punch             ||     1
   Cast: Magic Dart        ||    59
    Use: Potion            ||     5
         Scroll            ||     3
   Stab: Sleeping          ||     2
 Armour: Leather armour    ||    54
         Robe              ||     1
  Dodge: Dodged            ||   118
